 Dungeon Crawl Stone Soup version 0.23.1 (webtiles) character file.

Game seed: 5826877073692558607

79 poirepourri the Chopper (level 4, -5/39 HPs)
             Began as a Minotaur Fighter on Mar 8, 2019.
             Engulfed by a cloud of flame (15 damage)
             ... on level 2 of the Dungeon.
             The game lasted 00:01:02 (1142 turns).

poirepourri the Chopper (Minotaur Fighter)          Turns: 1142, Time: 00:01:05

Health: -5/39      AC:  6    Str: 20    XL:     4   Next: 17%
Magic:  3/3        EV:  7    Int:  5    God:
Gold:   111        SH: 10    Dex: 11    Spells: 3/3 levels left

rFire    . . .     SeeInvis .   a - +0 war axe
rCold    . . .     Gourm    .   c - +1 shield
rNeg     . . .     Faith    .   b - +0 scale mail
rPois    .         Spirit   .   (helmet restricted)
rElec    .         Reflect  .   (no cloak)
rCorr    .         Harm     .   (no gloves)
MR       .....                  (no boots)
Stlth    ..........             (no amulet)
HPRegen  0.13/turn              (no ring)
MPRegen  0.08/turn              (no ring)

@: no status effects
A: retaliatory headbutt, horns 2
a: no special abilities


You were on level 2 of the Dungeon.
You were not hungry.

You visited 1 branch of the dungeon, and saw 2 of its levels.

You collected 111 gold pieces.

Inventory:

Hand Weapons
 a - a +0 war axe (weapon)
Armour
 b - a +0 scale mail (worn)
 c - a +1 shield (worn)
Scrolls
 g - a scroll of remove curse
 h - 5 scrolls of identify
 j - a scroll of amnesia
Potions
 d - a potion of might
Comestibles
 f - 9 rations


   Skills:
 - Level 3.6 Fighting
 + Level 5.4 Axes
 - Level 3.6 Armour
 - Level 3.6 Shields


You had 3 spell levels left.
You didn't know any spells.
Your spell library was empty.

Dungeon Overview and Level Annotations

Branches:
Dungeon (2/15)

Altars:


Innate Abilities, Weirdness & Mutations

You reflexively headbutt those who attack you in melee.
You have a pair of horns on your head.


Message History

No target in view!
No target in view!
No target in view!
No target in view!
No target in view!
No target in view!
You climb downwards.
You block the hobgoblin's attack.
There is a stone staircase leading up here.
You closely miss the hobgoblin. Your headbutt misses the hobgoblin.
The hobgoblin hits you.
The hobgoblin hits you but does no damage.
You barely miss the hobgoblin. You block the hobgoblin's attack.
You barely miss the hobgoblin. The hobgoblin closely misses you.
You hit the hobgoblin.
The hobgoblin explodes!
The fiery explosion engulfs you!!
Ouch! That really hurt!
* * * LOW HITPOINT WARNING * * *
You are engulfed in blazing flames.
You die...

............#.....##...<#.....†.
#..........#.....##..#.#.....†.
#....................#.#..#.##.
#....................#.#..#.#..
##......###.........#.#..#.#..
#g....##.#.........#.#..#.#.#
###...##..#######..##.#..#....
.##...†##........#..>##.#..#...#
#....††'...⌠..§@§######.#..#....
#.....###.....§§§##.............
..$.... ##..#######.............
....### ##.# #............. ....
#.# #............. ... ...
#............. .. ....
#............. ......
#............. ......#
#.............


There were no monsters in sight!

Vanquished Creatures
  Natasha (D:2)
  A worm (D:2)
  A dart slug (D:1)
  3 leopard geckos (D:1)
  4 bats
  A giant cockroach (D:1)
  7 goblins
  5 hobgoblins
  7 jackals
  4 kobolds
  5 frilled lizards (D:2)
  2 rats
41 creatures vanquished.

Vanquished Creatures (others)
  A kobold (D:1)
1 creature vanquished.

Grand Total: 42 creatures vanquished

Notes
Turn   | Place    | Note
-------+----------+-------------------------------------------
     0 | D:1      | poirepourri the Minotaur Fighter began the quest for the
                  | Orb.
     0 | D:1      | Reached XP level 1. HP: 19/19 MP: 0/0
    96 | D:1      | Reached skill level 3 in Axes
   127 | D:1      | Reached XP level 2. HP: 24/26 MP: 1/1
   435 | D:1      | Reached skill level 4 in Axes
   607 | D:1      | Reached XP level 3. HP: 31/31 MP: 2/2
  1012 | D:2      | Noticed Natasha
  1025 | D:2      | Killed Natasha
  1025 | D:2      | Reached skill level 5 in Axes
  1025 | D:2      | Reached XP level 4. HP: 24/39 MP: 3/3
  1142 | D:2      | Engulfed by a cloud of flame

Skill      XL: |  1  2  3 |
---------------+----------+-----
Axes           | 3 4 5 |  5.4
Fighting       | |  3.6
Armour         | |  3.6
Shields        | |  3.6

Action                   |  1- 3 |  4- 6 || total
-------------------------+-------+-------++-------
Melee: War axe           |    87 |     6 ||    93
       Headbutt          |    13 |       ||    13
  Use: Scroll            |     4 |     1 ||     5
  Eat: Ration            |       |     1 ||     1
Armor: Scale mail        |    35 |     4 ||    39
Dodge: Dodged            |    28 |     5 ||    33
Block: Shield            |    39 |     7 ||    46
